 Dungeon Crawl Stone Soup version 0.27-a0-695-gb4952372f7 (webtiles) character file.

Game seed: 7806844887983173183

183 kenlaan the Covered (level 5, -8/47 HPs)
             Began as a Minotaur Fighter on Mar 21, 2021.
             Mangled by a kobold
             ... wielding a +1 whip of distortion
              (11 damage)
             ... on level 3 of the Dungeon.
             The game lasted 00:02:57 (1843 turns).

kenlaan the Covered (Minotaur Fighter)              Turns: 1843, Time: 00:02:58

Health: -8/47      AC:  7    Str: 21    XL:     5   Next: 35%
Magic:  4/4        EV:  8    Int:  5    God:
Gold:   122        SH:  9    Dex: 10    Spells: 4/4 levels left

rFire    . . .     SeeInvis .   a - +1 war axe
rCold    . . .     Faith    .   c - +0 kite shield
rNeg     . . .     Spirit   .   b - +0 scale mail
rPois    .         Reflect  .   (helmet restricted)
rElec    .         Harm     .   (no cloak)
rCorr    .         Rampage  .   (no gloves)
Will     .....                  (no boots)
Stlth    ..........             (no amulet)
HPRegen  0.15/turn              (no ring)
MPRegen  0.09/turn              (no ring)

@: mighty
A: horns 2, retaliatory headbutt
a: no special abilities


You were on level 3 of the Dungeon.
You visited 1 branch of the dungeon, and saw 3 of its levels.

You collected 122 gold pieces.

Inventory:

Hand Weapons
 a - a +1 war axe (weapon)
Armour
 b - a +0 scale mail (worn)
 c - a +0 kite shield (worn)
Jewellery
 i - a +4 ring of protection
Wands
 k - a wand of polymorph (7)
Scrolls
 e - a scroll of enchant weapon
 f - a scroll of torment {unknown}
 j - a scroll of fog {unknown}
 l - a scroll of teleportation
 n - a scroll of vulnerability {unknown}
Potions
 g - a potion of heal wounds {unknown}
 m - a potion of cancellation {unknown}


   Skills:
 + Level 4.5 Fighting
 + Level 4.1 Axes
 + Level 4.9 Armour
 + Level 0.9 Dodging
 + Level 4.6 Shields


You had 4 spell levels left.
You didn't know any spells.
Your spell library contained the following spells:

 Spells                   Type           Power      Damage    Failure   Level
 Magic Dart               Conj           0%         1d3       99%         1
 Blink                    Tloc           N/A        N/A       100%        2
 Call Imp                 Summ           0%         N/A       100%        2
 Slow                     Hex            0%         N/A       100%        2
 Conjure Flame            Conj/Fire      0%         6-21      100%        3
 Mephitic Cloud           Conj/Pois/Air  0%         N/A       100%        3


Dungeon Overview and Level Annotations

Branches:
Dungeon (3/15)

Altars:
Xom


Innate Abilities, Weirdness & Mutations

You have a pair of horns on your head.
You reflexively headbutt those who attack you in melee.


Message History

You feel sick. The kobold hits you but does no damage.
You block the kobold's attack.
You hit the kobold.
You kill the kobold!
You feel very sick.
You feel very mighty all of a sudden.
You feel sick. CurlyBrace's ghost hits you.
You feel better. CurlyBrace's ghost hits you.
You closely miss CurlyBrace's ghost.
Your headbutt misses CurlyBrace's ghost.
You block CurlyBrace's ghost's attack. CurlyBrace's ghost closely misses you.
You barely miss CurlyBrace's ghost.
Your headbutt misses CurlyBrace's ghost.
CurlyBrace's ghost hits you.
You closely miss CurlyBrace's ghost. You block CurlyBrace's ghost's attack.
CurlyBrace's ghost says, "Missed me!"
CurlyBrace's ghost hits you but does no damage.
You miss CurlyBrace's ghost.
Your headbutt misses CurlyBrace's ghost.
You block CurlyBrace's ghost's attack.
You barely miss CurlyBrace's ghost.
Your headbutt misses CurlyBrace's ghost.
CurlyBrace's ghost barely misses you. You block CurlyBrace's ghost's attack.
You slice CurlyBrace's ghost!!
You destroy CurlyBrace's ghost!
The kobold brigand throws a poisoned dart.
The poisoned dart barely misses you.
The kobold brigand hits you with the +7 dagger "Beastbane" {chaos, Fragile +Blink +Fly MP+9}.
You are electrocuted!
* * * LOW HITPOINT WARNING * * *
Items here: ( )) ††.
You slice the kobold brigand!! You headbutt the kobold brigand.
You kill the kobold brigand!
Your Axes skill increases to level 4!
You have reached level 5!
You barely miss the kobold. You block the kobold's attack.
The kobold hits you with a +1 whip of distortion.
* * * LOW HITPOINT WARNING * * *
Space warps horribly around you!
You die...

...+....#[.###.'.##
...####.#! ....'..#
..#.....#..###.'..#
.##.###.##.....#K.#
.....##.###≈K≈##..#
###..##.#######.K.#
#..##.##.# ##KK#
#..##.##.## #K##
#..##.##..####@#
#..##.##.......#
#......#.#.#####
.###.##..._..#
........##.#.#
##########...#
#####


You could see 5 kobolds.

Vanquished Creatures
  A kobold brigand (D:3)
  Terence (D:2)
  The ghost of CurlyBrace the Ducker, a weakling FeMo (D:3)
  3 adders
  2 dart slugs (D:1)
  A leopard gecko (D:3)
  An orc (D:3)
  2 bats (D:2)
  2 giant cockroaches
  3 goblins
  5 hobgoblins
  3 jackals (D:1)
  A quokka (D:1)
  2 ball pythons (D:2)
  A frilled lizard (D:1)
  11 kobolds
  5 rats
45 creatures vanquished.

Vanquished Creatures (collateral kills)
  A goblin (D:2)
1 creature vanquished.

Vanquished Creatures (others)
  A fungus (D:3)
  A plant (D:3)
2 creatures vanquished.

Grand Total: 48 creatures vanquished

Notes
Turn   | Place    | Note
-------+----------+-------------------------------------------
     0 | D:1      | kenlaan the Minotaur Fighter began the quest for the Orb.
     0 | D:1      | Reached XP level 1. HP: 19/19 MP: 0/0
   215 | D:1      | Reached XP level 2. HP: 27/27 MP: 1/1
   871 | D:2      | Noticed Terence
   879 | D:2      | Killed Terence
   880 | D:2      | Reached XP level 3. HP: 18/33 MP: 2/2
  1193 | D:2      | Reached XP level 4. HP: 40/40 MP: 3/3
  1751 | D:3      | Found a shimmering altar of Xom.
  1781 | D:3      | Found a runed translucent gate.
  1782 | D:3      | Found a runed translucent gate.
  1783 | D:3      | Found a runed translucent gate.
  1783 | D:3      | Noticed CurlyBrace's ghost (weakling FeMo)
  1788 | D:3      | Identified the +7 dagger "Beastbane" {chaos, Fragile +Blink
                  | +Fly MP+9}
  1788 | D:3      | Noticed a kobold brigand
  1840 | D:3      | Killed CurlyBrace's ghost
  1842 | D:3      | Killed a kobold brigand
  1843 | D:3      | Reached XP level 5. HP: 6/47 MP: 4/4
  1843 | D:3      | Mangled by a kobold

Illustrated notes

Levels and vault maps discovered:
D:1:      nzn_arrival_depleted_hourglass, layout_rooms
D:2:      layout_loops_cross, uniq_terence
D:3:      layout_loops_corners, lemuel_crystal_altar,
          gammafunk_ghost_nasty_kobolds

Skill      XL: |  1  2  3  4 |
---------------+-------------+-----
Armour         | 4 |  4.9
Shields        | 4 |  4.6
Fighting       | 4 |  4.5
Axes           | 3 4 |  4.1
Dodging        | |  0.9

Action                   |  1- 3 |  4- 6 || total
-------------------------+-------+-------++-------
Melee: War axe           |    67 |    32 ||    99
       Headbutt          |     8 |     3 ||    11
  Use: Scroll            |     4 |       ||     4
       Potion            |       |     2 ||     2
Armor: Scale mail        |    20 |    13 ||    33
Dodge: Dodged            |    12 |    15 ||    27
Block: Kite shield       |    40 |    15 ||    55

Table legend: (Time is in decaauts)
 A = Elapsed time spent in this place.
 B = Non-inter-level travel time spent in this place.
 C = Inter-level travel time spent in this place.
 D = Time resting spent in this place.
 E = Time spent auto-exploring this place.
 F = Levels seen in this place.
 G = Mean time per level.
                   A        B        C        D        E       F      G
               +--------+--------+--------+--------+--------+-----+--------+
         Total |   1898 |   1874 |     24 |    458 |   1033 |   3 |  632.7 |
       Dungeon |   1898 |   1874 |     24 |    458 |   1033 |   3 |  632.7 |
               +--------+--------+--------+--------+--------+-----+--------+

Top non-repeatable levels by time:
     D:2: 979 daAuts
     D:1: 650 daAuts
     D:3: 268 daAuts
